 Dungeon Crawl Stone Soup version 0.19-a0-1903-gead39cf (webtiles) character file.

228 LORDOFBUTT the Covered (level 5, -4/47 HPs)
             Began as a Minotaur Fighter on Oct 21, 2016.
             Slain by an orc
             ... wielding a +0 flail
              (8 damage)
             ... on level 3 of the Dungeon.
             The game lasted 00:01:38 (1653 turns).

LORDOFBUTT the Covered (Minotaur Fighter)           Turns: 1653, Time: 00:01:38

Health: -4/47      AC:  7    Str: 26    XL:     5   Next: 71%
Magic:  4/4        EV:  8    Int:  5    God:
Gold:   137        SH: 10    Dex: 10    Spells: 0 memorised, 4 levels left

rFire  . . .     SeeInvis .     a - +0 war axe
rCold  . . .     Gourm    .     b - +0 scale mail
rNeg   . . .     Faith    .     c - +0 shield
rPois  .         Spirit   .     (helmet restricted)
rElec  .         Reflect  .     (no cloak)
rCorr  .         Harm     .     (no gloves)
MR     .....                    (no boots)
Stlth  ..........               (no amulet)
                                (no ring)
                                (no ring)

@: mighty
A: retaliatory headbutt, horns 2
a: no special abilities


You were on level 3 of the Dungeon.
You were not hungry.

You visited 1 branch of the dungeon, and saw 3 of its levels.

You collected 137 gold pieces.

Inventory:

Hand Weapons
 a - a +0 war axe (weapon)
Armour
 b - a +0 scale mail (worn)
 c - a +0 shield (worn)
Scrolls
 e - 3 scrolls of teleportation {unknown}
 j - a scroll of enchant armour {unknown}
 p - a scroll of enchant weapon {unknown}
 r - a scroll of recharging {unknown}
 u - a scroll of remove curse {unknown}
Potions
 d - a potion of might
 g - a potion of mutation {unknown}
 h - a potion of invisibility {unknown}
 i - 2 potions of curing {unknown}
 l - a potion of brilliance {unknown}
 n - a potion of degeneration {unknown}
 t - a potion of flight {unknown}
Books
 s - a book of Minor Magic

   Spells                             Type                      Level
   a - Magic Dart                     Conjuration                  1
   b - Blink                          Translocation                2
   c - Call Imp                       Summoning                    2
   d - Repel Missiles                 Charms/Air                   2
   e - Slow                           Hexes                        2
   f - Conjure Flame                  Conjuration/Fire             3
   g - Mephitic Cloud                 Conjuration/Poison/Air       3
Comestibles
 f - 3 bread rations
 k - 3 meat rations
 m - 2 royal jellies


   Skills:
 + Level 4.7 Fighting
 + Level 4.4 Axes
 + Level 4.8 Armour
 + Level 1.0 Dodging
 + Level 4.8 Shields


You had 4 spell levels left.
You didn't know any spells.

Dungeon Overview and Level Annotations

Branches:
Dungeon (3/15)

Altars:
Kikubaaqudgha
Okawaru
Trog

Annotations:
D:3 1 runed door


Innate Abilities, Weirdness & Mutations

You reflexively headbutt those who attack you in melee.
You have a pair of horns on your head.


Message History

You headbutt the hobgoblin.
You kill the hobgoblin!
The orc wizard mumbles some strange words.
The orc wizard blinks!
You closely miss the orc. You headbutt the orc!
You kill the orc!
The orc wizard hits you with a dagger.
* * * LOW HITPOINT WARNING * * *
Items here: )) [ ††† You barely miss the orc wizard.
You barely miss the orc.
The orc wizard hits you but does no damage.
You barely miss the orc wizard. You slash the orc!
You kill the orc!
The orc wizard hits you but does no damage.
The orc wizard closely misses you.
You slice the orc wizard!!
You kill the orc wizard!
Your shield prevents you from hitting the orc.
The orc hits you with a flail!
You die...

#....####....###(....8.8..
#....####..#..#..#.#.....#
#..........##.(.####..#.##
#....####.#.#...# #..#..#.
#....# #.#.#.#.# ###..#.#
#....# #.#.#.#.# #..#.#.
###### #.#...#.. #....##
##.##..#..# ##...##
##)@###.... #.#...# #.o)#
##....# ##.#.# #.#....
#..#.# ####... #.##.#
#.#.. #.#..# ####. #....#
#.# #....# ### #))..####


You could see an orc.

Vanquished Creatures
  A scorpion (D:3)
  A hound (D:3)
  An orc wizard (D:3)
  Robin (D:3)
  An adder (D:2)
  A gnoll (D:1)
  2 oozes (D:2)
  A worm (D:3)
  3 dart slugs
  2 orcs (D:3)
  3 giant cockroaches
  15 goblins
  13 hobgoblins
  9 bats
  6 frilled lizards
  9 kobolds
  4 rats
73 creatures vanquished.

Notes
Turn   | Place    | Note
-------+----------+-------------------------------------------
     0 | D:1      | LORDOFBUTT the Minotaur Fighter began the quest for the Orb.
     0 | D:1      | Reached XP level 1. HP: 19/19 MP: 0/0
   116 | D:1      | Reached XP level 2. HP: 27/27 MP: 1/1
   462 | D:1      | Reached XP level 3. HP: 33/33 MP: 2/2
   797 | D:2      | Found a faded altar of an unknown god.
   994 | D:2      | Found an ancient bone altar of Kikubaaqudgha.
  1286 | D:2      | Found an iron altar of Okawaru.
  1286 | D:2      | Found a bloodstained altar of Trog.
  1353 | D:3      | Reached XP level 4. HP: 41/41 MP: 3/3
  1371 | D:3      | Found a runed door.
  1603 | D:3      | Noticed Robin
  1619 | D:3      | Killed Robin
  1619 | D:3      | Reached XP level 5. HP: 26/47 MP: 4/4
  1647 | D:3      | Reached skill level 1 in Dodging
  1653 | D:3      | Slain by an orc

Vault maps used:
D:1:      mrwooster_arrival_statue_3
D:2:      gammafunk_temple_overflow_elements, lemuel_coloured_pillars_altar,
          ecumenical_altar_2, first_bread
D:3:      wad_crossroads, old_standard_altar, kennysheep_cross_bottleneck,
          lexackson_kobold_supper, uniq_robin, uniq_iyjb,
          uniq_crazy_yiuf_cottage

Skill      XL: |  1  2  3  4  5 |
---------------+----------------+-----
Fighting       | 4 |  4.7
Armour         | 4 |  4.8
Shields        | 4 |  4.8
Axes           | 3 4 |  4.4
Dodging        | 1 |  1.0

Action                   |  1- 3 |  4- 6 || total
-------------------------+-------+-------++-------
Melee: War axe           |    91 |    54 ||   145
       Headbutt          |    11 |     7 ||    18
  Use: Potion            |       |     1 ||     1
  Eat: Fruit             |       |     4 ||     4
       Beef jerky        |       |     1 ||     1
Armor: Scale mail        |    50 |    24 ||    74
Dodge: Dodged            |    28 |    19 ||    47
Block: Shield            |    66 |    28 ||    94
